 Dungeon Crawl Stone Soup version 0.18-a0-1677-g2bdad6c (webtiles) character file.

247825 Arkorax the Deadly Accurate (level 19, -6/165 HPs)
             Began as a Grey Draconian Berserker on Mar 30, 2016.
             Was a High Priest of Trog.
             Mangled by a manticore (shapeshifter) (11 damage)
             ... on level 3 of the Vaults on Apr 2, 2016.
             The game lasted 01:54:07 (45231 turns).

Arkorax the Deadly Accurate (DrBe)                 Turns: 45231, Time: 01:54:07

Health: -6/165     AC: 25    Str: 22    XL:     19   Next: 23%
Magic:  19/19      EV: 21    Int:  9    God:    Trog [*****.]
Gold:   2451       SH: 15    Dex: 19    Spells: 0 memorised, 18 levels left

rFire  . . .     SeeInvis .     n - +5 eveningstar (venom)
rCold  + . .     Gourm    .     (armour unavailable)
rNeg   . . .     Faith    .     T - +1 shield {reflect}
rPois  .         Spirit   .     A - +2 hat
rElec  +         Dismiss  .     j - +2 cloak
rCorr  .         Reflect  +     k - +2 pair of gloves
SustAt .         Harm     .     W - +1 pair of boots "Sipextyo" {rF- MR++}
MR     +++..     Clarity  +     (no amulet)
Stlth  ++........               Z - ring "Sequnall" {rF+ rC+ Str+4 Int-2}
                                r - +3 ring of slaying

@: about to teleport, manticore barbs, heavily drained, extremely resistant to
hostile enchantments, unstealthy
A: walk through water, unfitting armour, hooves 1, agile 1, clarity, clever 1,
electricity resistance, weak 1, unbreathing, cold-blooded, MP-powered wands, AC
+15
a: Berserk, Trog's Hand, Brothers in Arms, Burn Spellbooks, Renounce Religion
}: 1/15 runes: serpentine


You were on level 3 of the Vaults.
You worshipped Trog.
Trog was extremely pleased with you.
You were not hungry.

You visited 5 branches of the dungeon, and saw 32 of its levels.
You also visited: Labyrinth and Volcano.

You collected 3517 gold pieces.
You spent 1066 gold pieces at shops.

Inventory:

Hand Weapons
 n - a +5 eveningstar of venom (weapon)
Missiles
 g - 12 tomahawks
 m - 7 tomahawks of returning
 y - 10 javelins (quivered)
 B - 13 needles of sleeping
 C - 8 javelins of returning
 G - 13 steel javelins
 H - 4 throwing nets
Armour
 j - a +2 cloak (worn)
 k - a +2 pair of gloves (worn)
 A - a +2 hat (worn)
 T - a +1 shield of reflection (worn)
 W - the +1 pair of boots "Sipextyo" (worn) {rF- MR++}
   (You bought it in a shop on level 8 of the Dungeon)

   It makes you vulnerable to fire.
   It affects your resistance to hostile enchantments.
Jewellery
 l - an uncursed ring of protection from fire
 r - a +3 ring of slaying (left hand)
 t - an uncursed ring of protection from cold
 U - an uncursed ring of resist corrosion
 Z - the ring "Sequnall" (right hand) {rF+ rC+ Str+4 Int-2}
   (You found it in a labyrinth)

   [ring of protection from fire]

   It affects your strength (+4).
   It affects your intelligence (-2).
   It protects you from fire.
   It protects you from cold.
Wands
 p - a wand of acid (3/15)
 w - a wand of digging (8/24)
 I - a wand of teleportation (5/9)
 O - a wand of paralysis (12/24)
 P - a wand of digging (24/24)
 Y - a wand of heal wounds (2/9)
Scrolls
 a - 5 scrolls of teleportation
 c - 7 scrolls of fear
 o - 2 scrolls of identify
 s - 9 scrolls of remove curse
 E - a scroll of silence
 F - a scroll of fog
 N - 2 scrolls of recharging
 R - 2 scrolls of magic mapping
Potions
 e - 3 potions of ambrosia
 h - 2 potions of invisibility
 q - 10 potions of curing
 u - 7 potions of cure mutation
 v - 5 potions of might
 x - 3 potions of resistance
 D - 3 potions of brilliance
 K - a potion of magic
 S - 3 potions of cancellation
 V - a potion of agility
 X - 3 potions of haste
Miscellaneous
 d - a plain deck of summoning
 M - a sack of spiders
Comestibles
 b - 4 bread rations
 f - a meat ration
 i - 3 royal jellies
 z - 18 fruits
 L - 4 beef jerkies
 Q - 3 slices of pizza


   Skills:
 - Level 13.6(12.0) Fighting
 - Level 16.0(14.2) Maces & Flails
 * Level 18.2(16.3) Throwing
 - Level 12.1(10.6) Dodging
 * Level 16.2(14.5) Shields


You had 18 spell levels left.
You didn't know any spells.

Dungeon Overview and Level Annotations

Branches:
Dungeon (15/15)            Temple (0/1) D:6            Lair (8/8) D:9
 Shoals (0/4) Lair:5        Snake (4/4) Lair:4        Slime (0/6) Lair:6
    Orc (2/2) D:10            Elf (0/3) Orc:2        Vaults (3/5) D:14
 Depths (0/5) D:15
  Crypt: Vaults:2-3

Altars:
Elyvilon
Nemelex Xobeh
Yredelemnul
Beogh
Jiyva

Shops:
D:8 (}*[!   D:12 !   Orc:1 !   Orc:2 (?=[   Snake:1 (   Vaults:1 ?

Annotations:
Snake:3 Norris


Innate Abilities, Weirdness & Mutations

You can walk through water.
Your dull iron-grey scales are very hard (AC +15).
Your body does not fit into most forms of armour.
You can survive without breathing.
You are cold-blooded and may be slowed by cold attacks.
You have large cloven feet.
You are agile. (Dex +2)
You possess an exceptional clarity of mind.
Your mind is acute. (Int +2)
You are resistant to electric shocks.
You are weak. (Str -2)
You expend magic power (3 MP) to strengthen your wands.


Message History

The vault warden activates a sealing rune.
You sock the vault warden!
The vault warden is poisoned.
You tail-slap the vault warden, but do no damage.
The vault warden is moderately wounded.
You hit the vault warden but do no damage.
The vault warden looks even sicker.
The vault warden is moderately wounded.
The vault warden hits you with a great sword!!
* * * LOW HITPOINT WARNING * * *
You bludgeon the vault warden!!
The vault warden is heavily wounded.
The manticore bites you!
* * * LOW HITPOINT WARNING * * *
The manticore claws you but does no damage.
You block the manticore's attack. The vault warden misses you.
You sock the vault warden!
The vault warden is severely wounded.
The manticore bites you but does no damage.
The manticore claws you!
You die...

......# #.................
......# #.......##########
......##########.......#.......
......'........#.......#.#######
......#........#.......#.#
......#..<.....#.......#.#
#######........#.p.....# #
#........+p......#
#........#@H.....#
##########.......# #.......#
#.......# #.......# #.......#
+........ #..####+#


You could see an ironheart preserver, a vault warden and a manticore.

Vanquished Creatures
  Saint Roka (Vaults:1)
  Rupert (Lair:4)
  Asterion (Snake:3)
  An acid blob (Lair:6)
  A sphinx (Vaults:3)
  Agnes (Snake:3)
  6 greater nagas
  Donald (Orc:2)
  Maud (Orc:2)
  A deep elf sorcerer (Vaults:2)
  6 vault wardens
  Aizul (Snake:2)
  Louise (Snake:3)
  4 ironheart preservers
  4 very ugly things (Vaults:2)
  2 stone giants (Vaults:1)
  A deep elf demonologist (Vaults:2)
  2 deep elf death magi
  3 vault guards
  Snorg (Lair:5)
  A minotaur (Lab)
  2 fire dragons
  4 great orbs of eyes
  3 yaktaur captains
  7 naga warriors
  2 ice dragons
  A rakshasa (D:14)
  5 catoblepae
  A hydra (shapeshifter) (Vaults:2)
  10 hydras
  8 centaur warriors
  19 anacondas
  10 ogre magi
  23 death yaks
  A deep troll earth mage (Vaults:2)
  The ghost of Deemzul the Cleaver, a novice DsFi of Cheibriados (D:11)
  10 naga sharpshooters
  Urug (D:10)
  7 shock serpents
  5 deep elf knights
  8 skeletal warriors
  3 fire crabs
  4 salamander mystics
  3 unseen horrors
  3 deep trolls (Vaults:2)
  2 giant orange brains (Vaults:2)
  3 naga ritualists (Snake:4)
  7 hill giants
  13 ironbrand convokers
  Pikel (D:6)
  A deep elf archer (Vaults:3)
  4 orc knights
  2 necromancers (Vaults:1)
  2 hornets
  4 deep elf magi
  An oklob plant (Lair:7)
  7 griffons
  4 wolf spiders
  A wizard (Vaults:1)
  4 mana vipers
  2 orc sorcerers (Orc:2)
  8 ugly things
  A cyclops (shapeshifter) (Vaults:1)
  5 cyclopes
  8 guardian serpents
  14 salamanders
  Maurice (D:13)
  2 manticores
  A siren (Lair:5)
  36 black mambas
  22 naga magi
  An ice statue (D:11)
  13 vault sentinels
  11 spiny frogs
  3 centaur skeletons
  2 gargoyles
  2 torpor snails
  2 human zombies (Vaults:1)
  24 yaktaurs
  A komodo dragon (shapeshifter) (Vaults:2)
  A rime drake (Lair:8)
  5 komodo dragons
  3 freezing wraiths
  2 human skeletons (Vaults:1)
  A jumping spider (Vaults:2)
  4 trolls
  22 two-headed ogres
  14 blink frogs
  12 slime creatures
  3 boulder beetles
  A wyvern (Lair:6)
  2 tarantellas (Vaults:2)
  3 shadows (D:15)
  3 wraiths
  6 redbacks
  49 yaks
  4 hogs (D:15)
  3 fire bats (Volcano)
  9 hippogriffs
  A human (shapeshifter) (Vaults:2)
  6 basilisks
  3 hungry ghosts
  3 wargs
  15 vampire mosquitoes
  2 mottled dragons (Vaults:2)
  A harpy simulacrum (Vaults:1)
  43 nagas
  19 water moccasins
  11 porcupines
  3 black bears
  20 orc warriors
  6 ice beasts
  A wasp (D:12)
  A necrophage (D:11)
  3 sky beasts
  3 boggarts (Vaults:3)
  A wolf (shapeshifter) (Vaults:1)
  44 ogres
  4 phantoms
  9 centaurs
  10 wolves
  18 crocodiles
  2 big kobolds
  19 giant frogs
  A glowing shapeshifter simulacrum (Vaults:1)
  A deep troll simulacrum (Vaults:2)
  4 scorpions
  2 wyvern skeletons
  12 killer bees
  10 wights
  6 electric eels
  4 howler monkeys
  3 centaur zombies
  8 crimson imps
  2 giant frog zombies
  10 hounds
  3 human simulacra
  3 jellies (D:8)
  18 orc wizards
  17 orc priests
  A gnoll shaman (D:7)
  3 giant frog skeletons
  9 iguanas
  7 hell rats (Lair:6)
  10 worker ants
  32 sheep
  A killer bee zombie (D:11)
  3 hound skeletons
  A worker ant zombie (D:9)
  12 adders
  11 gnolls
  A howler monkey skeleton (D:5)
  112 river rats
  5 shadow imps
  2 white imps (Lair:5)
  6 oozes
  2 worms (D:3)
  2 dart slugs (D:1)
  10 giant geckos
  97 orcs
  3 ball pythons
  6 bats
  3 giant cockroaches
  10 goblins
  6 hobgoblins
  7 jackals
  17 kobolds
  6 quokkas
  A ball python zombie (D:4)
  A giant cockroach zombie (D:6)
  11 giant newts
  5 rats
  2 butterflies (Lair:7)
  2 plants (Lair:3)
1303 creatures vanquished.

Vanquished Creatures (collateral kills)
  Kirke (D:15)
  3 greater nagas (Snake:4)
  Nessos (D:15)
  A naga warrior (Snake:4)
  3 ogre magi (Orc:2)
  A naga sharpshooter (Snake:4)
  4 guardian serpents (Snake:4)
  2 naga magi (Snake:4)
  A kobold demonologist (D:15)
  6 two-headed ogres (Orc:2)
  2 hogs (D:15)
  3 nagas (Snake:4)
  A porcupine (D:9)
  An ice beast (D:9)
  An orc warrior (D:6)
  9 ogres (Orc:2)
  A killer bee (D:7)
  An orc wizard (D:6)
  A centaur zombie (D:6)
  3 orcs (D:6)
46 creatures vanquished.

Vanquished Creatures (others)
  A vault warden (Vaults:1)
  An ironheart preserver (Vaults:1)
  A yaktaur captain (Vaults:1)
  A naga warrior (Snake:3)
  4 naga sharpshooters
  A flayed ghost (Vaults:1)
  An unseen horror (D:15)
  An ironbrand convoker (Vaults:1)
  A salamander (Snake:3)
  A naga mage (Snake:3)
  4 yaktaurs (Vaults:1)
  20 fungi
  8 plants
45 creatures vanquished.

Grand Total: 1394 creatures vanquished

Notes
Turn   | Place    | Note
--------------------------------------------------------------
     0 | D:1      | Arkorax the Draconian Berserker began the quest for the Orb.
     0 | D:1      | Reached XP level 1. HP: 19/19 MP: 1/1
   180 | D:1      | Found a sparkling altar of Nemelex Xobeh.
   240 | D:1      | Reached XP level 2. HP: 25/26 MP: 2/2
   778 | D:2      | Reached XP level 3. HP: 28/33 MP: 3/3
  1082 | D:2      | Reached ** piety under Trog
  1155 | D:2      | Found a sparkling altar of Nemelex Xobeh.
  1158 | D:2      | Found a basalt altar of Yredelemnul.
  1801 | D:3      | Reached XP level 4. HP: 33/41 MP: 4/4
  1999 | D:3      | Reached skill level 1 in Shields
  2169 | D:3      | Reached *** piety under Trog
  2653 | D:4      | Reached XP level 5. HP: 41/47 MP: 5/5
  3253 | D:4      | Reached skill level 5 in Fighting
  3804 | D:5      | Entered Level 5 of the Dungeon
  3818 | D:5      | Reached XP level 6. HP: 56/56 MP: 6/6
  3979 | D:5      | Reached skill level 5 in Maces & Flails
  4084 | D:5      | Found a sparkling altar of Nemelex Xobeh.
  4225 | D:5      | Your scales start taking on a dull iron-grey colour.
  4225 | D:5      | Reached XP level 7. HP: 55/62 MP: 7/7
  4225 | D:5      | Gained mutation: You can survive without breathing. [Grey Draconian growth]
  4444 | D:6      | Found a staircase to the Ecumenical Temple.
  4539 | D:6      | Reached **** piety under Trog
  4864 | D:6      | Reached XP level 8. HP: 57/71 MP: 8/8
  5165 | D:6      | Noticed Pikel
  5187 | D:6      | Killed Pikel
  5187 | D:6      | Reached skill level 5 in Shields
  5880 | D:7      | Reached XP level 9. HP: 75/80 MP: 9/9
  6639 | D:7      | Noticed a five-headed hydra
  6676 | D:7      | Killed a five-headed hydra
  6676 | D:7      | Reached skill level 5 in Dodging
  7295 | D:8      | Found Neheogeom's Distillery.
  7324 | D:8      | Reached XP level 10. HP: 91/91 MP: 10/10
  7359 | D:8      | Found Maibalat's Antique Armour Emporium.
  7373 | D:8      | Bought a potion of curing for 33 gold pieces
  7373 | D:8      | Bought a potion of heal wounds for 55 gold pieces
  7443 | D:8      | Found Fured's General Store.
  7758 | D:8      | Found Ykedd's Gadget Shoppe.
  7776 | D:8      | Found Fyxir's Weapon Shoppe.
  7862 | D:8      | Reached skill level 10 in Fighting
  8038 | D:9      | Noticed a cyclops
  8187 | D:9      | Found a staircase to the Lair.
  8376 | D:8      | Reached ***** piety under Trog
  8676 | D:9      | Reached skill level 10 in Maces & Flails
  8695 | D:9      | Killed a cyclops
  9216 | D:9      | Found a white marble altar of Elyvilon.
  9350 | D:8      | Bought a pair of pitted boots for 313 gold pieces
  9355 | D:8      | Identified the +1 pair of boots "Sipextyo" {rF- MR++} (You bought it in a shop on level 8 of the Dungeon)
  9380 | Lair:1   | Entered Level 1 of the Lair of Beasts
  9540 | Lair:1   | Reached XP level 11. HP: 102/102 MP: 11/11
  9660 | Lair:1   | Identified a scroll of acquirement
 10645 | Lair:2   | Noticed a four-headed hydra
 10660 | Lair:2   | Killed a four-headed hydra
 10753 | Lair:2   | Received a gift from Trog
 11785 | Lair:3   | Found a labyrinth entrance.
 11794 | Lab      | Entered a labyrinth
 11862 | Lab      | Noticed a minotaur
 11870 | Lab      | Killed a minotaur
 11873 | Lab      | Got a clouded ivory ring
 11921 | Lab      | Got a scorched scimitar
 11922 | Lab      | Identified the +9 scimitar "Ninysaf" {slice, *Corrode rF+ Int+6} (You found it in a labyrinth)
 11928 | Lab      | Identified the ring "Sequnall" {rF+ rC+ Str+4 Int-2} (You found it in a labyrinth)
 13073 | Lair:4   | Noticed Rupert
 13087 | Lair:4   | Killed Rupert
 13087 | Lair:4   | Reached XP level 12. HP: 115/115 MP: 12/12
 13100 | Lair:4   | Gained mutation: You have large cloven feet. [potion of mutation]
 13100 | Lair:4   | Gained mutation: Your mind is acute. (Int +2) [potion of mutation]
 13100 | Lair:4   | Gained mutation: You are agile. (Dex +2) [potion of mutation]
 13101 | Lair:4   | Gained mutation: You are weak. (Str -2) [potion of mutation]
 13101 | Lair:4   | Gained mutation: You expend magic power (3 MP) to strengthen your wands. [potion of mutation]
 13101 | Lair:4   | Gained mutation: You possess an exceptional clarity of mind. [potion of mutation]
 13214 | Lair:4   | Found a staircase to the Snake Pit.
 13270 | Lair:4   | Received a gift from Trog
 14188 | Lair:5   | Reached skill level 1 in Throwing
 14308 | Lair:5   | Noticed Snorg
 14321 | Lair:5   | Reached skill level 2 in Throwing
 14339 | Lair:5   | Killed Snorg
 14394 | Lair:5   | Noticed an ice dragon
 14398 | Lair:5   | Killed an ice dragon
 14398 | Lair:5   | Reached skill level 3 in Throwing
 14806 | Lair:5   | Found a staircase to the Shoals.
 15204 | Lair:6   | Noticed a seven-headed hydra
 15212 | Lair:6   | Killed a seven-headed hydra
 15212 | Lair:6   | Received a gift from Trog
 15212 | Lair:6   | Reached skill level 4 in Throwing
 15505 | Lair:6   | Reached XP level 13. HP: 106/122 MP: 13/13
 15704 | Lair:6   | Found a dark tunnel.
 15774 | Volcano  | Entered a volcano
 15818 | Volcano  | Reached ****** piety under Trog
 15819 | Volcano  | Received a gift from Trog
 16093 | Lair:6   | Found a runed door.
 16093 | Lair:6   | Found a viscous altar of Jiyva.
 16093 | Lair:6   | Found a staircase to the Slime Pits.
 16093 | Lair:6   | Noticed an acid blob
 16303 | Lair:6   | Killed an acid blob
 16303 | Lair:6   | Reached skill level 5 in Throwing
 17013 | Lair:7   | Received a gift from Trog
 17017 | Lair:7   | Reached skill level 6 in Throwing
 18272 | Lair:8   | Entered Level 8 of the Lair of Beasts
 18304 | Lair:8   | Reached skill level 7 in Throwing
 18436 | Lair:8   | Reached skill level 10 in Dodging
 18887 | Lair:8   | Reached skill level 15 in Maces & Flails
 18887 | Lair:8   | Reached XP level 14. HP: 112/129 MP: 14/14
 18909 | Lair:8   | Reached skill level 8 in Throwing
 18935 | Lair:8   | Received a gift from Trog
 19144 | Lair:8   | Got an iridescent morningstar
 19145 | Lair:8   | Identified the +9 morningstar of Puki {freeze, rPois Int+5} (You found it on level 8 of the Lair of Beasts)
 20092 | Lair:8   | Reached skill level 9 in Throwing
 20694 | Lair:8   | Received a gift from Trog
 20844 | D:10     | Entered Level 10 of the Dungeon
 20999 | D:10     | Found a staircase to the Orcish Mines.
 21146 | D:10     | Noticed Urug
 21158 | D:10     | Killed Urug
 21568 | D:10     | Found a roughly hewn altar of Beogh.
 21847 | D:11     | Reached skill level 10 in Throwing
 21912 | D:11     | Noticed Deemzul's ghost (novice DsFi)
 21929 | D:11     | Killed Deemzul's ghost
 22653 | D:11     | Received a gift from Trog
 23060 | D:12     | Reached XP level 15. HP: 119/136 MP: 15/15
 23380 | D:12     | Found Irobuiby's Distillery.
 23383 | D:12     | Bought a potion of heal wounds for 75 gold pieces
 23510 | D:12     | Reached skill level 11 in Throwing
 23714 | D:13     | Noticed Maurice
 23722 | D:13     | Killed Maurice
 24820 | D:14     | Received a gift from Trog
 24905 | D:14     | Found a gate to the Vaults.
 25646 | D:15     | Entered Level 15 of the Dungeon
 25684 | D:15     | Reached skill level 12 in Throwing
 25750 | D:15     | Noticed Kirke
 25760 | D:15     | Noticed Nessos
 25767 | D:15     | Killed Nessos
 25772 | D:15     | Killed Kirke
 26398 | D:15     | Found a staircase to the Depths.
 27224 | Orc:1    | Entered Level 1 of the Orcish Mines
 27224 | Orc:1    | Found Tuiqo's Distillery.
 27229 | Orc:1    | Received a gift from Trog
 27237 | Orc:1    | Bought a potion of haste for 150 gold pieces
 27237 | Orc:1    | Bought a potion of heal wounds for 75 gold pieces
 27482 | Orc:2    | Entered Level 2 of the Orcish Mines
 27486 | Orc:2    | Received a gift from Trog
 27534 | Orc:2    | Noticed Maud
 27545 | Orc:2    | Noticed Donald
 27568 | Orc:2    | Killed Donald
 27568 | Orc:2    | Reached skill level 13 in Throwing
 27683 | Orc:2    | Received a gift from Trog
 27704 | Orc:2    | Received a gift from Trog
 27754 | Orc:2    | Found Guddiusm's Magic Scroll Shoppe.
 27754 | Orc:2    | Found Vemetial's Armour Boutique.
 27755 | Orc:2    | Found Noege's Antique Weapon Shop.
 27755 | Orc:2    | Found Duumuik's Jewellery Shoppe.
 27780 | Orc:2    | Killed Maud
 27780 | Orc:2    | Reached XP level 16. HP: 60/144 MP: 16/16
 28210 | Orc:2    | Found a staircase to the Elven Halls.
 28459 | Orc:2    | Found a roughly hewn altar of Beogh.
 28744 | Snake:1  | Entered Level 1 of the Snake Pit
 28767 | Snake:1  | Found Gofusur's Weapon Emporium.
 29838 | Snake:2  | Noticed Aizul
 29856 | Snake:2  | Killed Aizul
 30337 | Snake:2  | Received a gift from Trog
 30792 | Snake:2  | Reached skill level 14 in Throwing
 31218 | Snake:3  | Noticed Agnes
 31221 | Snake:3  | Noticed Norris
 31245 | Snake:3  | Killed Agnes
 31257 | Snake:3  | Noticed Asterion
 31473 | Snake:3  | Killed Asterion
 31551 | Snake:3  | HP: 5/144 [naga sharpshooter/bolt of penetration (26)]
 31917 | Snake:3  | Gained mutation: You are resistant to electric shocks. [potion of beneficial mutation]
 32045 | Snake:3  | Reached skill level 10 in Shields
 32656 | Snake:3  | Noticed Louise
 32670 | Snake:3  | Killed Louise
 32880 | Snake:3  | Received a gift from Trog
 33639 | Snake:4  | Entered Level 4 of the Snake Pit
 33760 | Snake:4  | Upgraded the game from 0.18-a0-1654-ge73a678 to 0.18-a0-1655-ge2d8d33
 34161 | Snake:4  | Received a gift from Trog
 34168 | Snake:4  | Reached skill level 15 in Throwing
 34180 | Snake:4  | Reached XP level 17. HP: 100/150 MP: 17/17
 36341 | Snake:4  | Reached skill level 16 in Throwing
 36736 | Snake:4  | Got a serpentine rune of Zot
 37195 | Snake:4  | Received a gift from Trog
 37917 | Vaults:1 | Entered Level 1 of the Vaults
 38034 | Vaults:1 | Received a gift from Trog
 38756 | Vaults:1 | Found Zuodonwu's Magic Scroll Emporium.
 38793 | Vaults:1 | Reached XP level 18. HP: 26/158 MP: 18/18
 39292 | Vaults:1 | Bought a scroll of enchant weapon for 105 gold pieces
 39413 | Vaults:1 | Noticed Saint Roka
 39440 | Vaults:1 | Killed Saint Roka
 39478 | Vaults:1 | Received a gift from Trog
 39821 | Vaults:1 | Reached skill level 17 in Throwing
 41062 | Vaults:2 | Received a gift from Trog
 41232 | Vaults:2 | Reached skill level 15 in Shields
 41743 | Orc:2    | Bought a scroll of brand weapon for 260 gold pieces
 42633 | Vaults:1 | Upgraded the game from 0.18-a0-1655-ge2d8d33 to 0.18-a0-1673-gaded821
 43048 | Vaults:1 | Upgraded the game from 0.18-a0-1673-gaded821 to 0.18-a0-1677-g2bdad6c
 43258 | Vaults:2 | Received a gift from Trog
 43514 | Vaults:2 | Reached XP level 19. HP: 144/165 MP: 19/19
 43821 | Vaults:2 | Received a gift from Trog
 44329 | Vaults:2 | Reached skill level 18 in Throwing
 45230 | Vaults:3 | HP: 5/165 [manticore (shapeshifter) (11)]
 45231 | Vaults:3 | Mangled by a manticore (shapeshifter)

Vault maps used:
D:1:      saegor_arrival_simple_b, nemelex_deck
D:2:      grunt_temple_overflow_open
D:3:      minmay_lizard_king
D:5:      first_bread, kennysheep_another_room, nemelex_lonely_heart_becter
D:6:      minmay_temple_entry_grid, uniq_pikel
D:7:      kennysheep_big_flooded_room
D:8:      serial_shops, nicolae_shop_trees, nicolae_shop_waterfront, shop, shop,
          kennysheep_mini, hangedman_little_slice_of_home
D:9:      minmay_lair_entry_grove, elyvilon_altar_3
D:10:     minmay_orc_entry_temple_small, uniq_urug
D:11:     lemuel_ice_statue, minivault_28
D:12:     serial_shops, nicolae_shop_behind_doors
D:13:     uniq_maurice
D:14:     david_vaults_5, kennysheep_potato
D:15:     grunt_enter_depths_hoard, uniq_nessos, uniq_kirke
Lair:1:   lemuel_fruit_tree, lemuel_fruit_fields, serial_bayou_shore_b
Lair:2:   serial_bayou_pond_b, st_stairs_8, serial_bayou_shore_a
Lair:3:   lab_entry_generic, wad_woods_03, grunt_megastairs_4
Lair:4:   minmay_snake_entry_six_corridors, uniq_rupert
Lair:5:   elwin_shoals_entry_rooms, bobbens_ice_dragon_lair,
          infiniplex_staircase_pool, grunt_megastairs_5, uniq_snorg
Lair:6:   slime_altar_2, nicolae_volcano_entry_hallway, grunt_megastairs_1,
          lemuel_fruit_fields
Lair:7:   lookout_lair_type, lemuel_fruit_fields, lemuel_fruit_fields,
          grunt_megastairs_2
Lair:8:   evilmike_catoblepas_cave
Snake:1:  serial_shops, shop
Snake:2:  uniq_aizul
Snake:3:  basic_stair_grate_trap, uniq_louise, uniq_norris, uniq_asterion,
          uniq_agnes
Snake:4:  grunt_snake_rune_serpentine_throne
Orc:1:    serial_shops, shop, mines_bat_river, uniq_erica
Orc:2:    st_orc_ogre_mass, minmay_orc_temple_a, uniq_donald, uniq_maud
Vaults:1: hangedman_vaults_maws, hangedman_vaults_locks, v_pattern_1,
          vaults_dpeg_hooks, serial_ice_h, vaults_mumra_minichess,
          vaults_room_fours, hangedman_vaults_river_flow,
          vaults_room_semicircle, dpeg_vaults_pockets_of_resistance,
          hangedman_vaults_stretched_pinwheel, ontoclasm_vaults_pinch,
          nicolae_vaults_little_ls, grunt_vaults_hallway_short, serial_shops,
          shop, uniq_saint_roka
Vaults:2: nicolae_vaults_big_ls, v_rooms_4, grunt_vaults_bifocal,
          nicolae_vaults_little_squares_2, nicolae_vaults_rhombus_6,
          ontoclasm_vaults_spin, v_misc_3
Vaults:3: v_alt_pattern_5, vaults_room_fancy_cross, nicolae_vaults_rhombus_6,
          minmay_crypt_entry_necro_gods, v_misc_16, v_misc_2, vaults_room_boxed,
          nicolae_vaults_little_squares_4, v_misc_23, hangedman_vaults_snaps,
          ontoclasm_vaults_twist, ontoclasm_vaults_idyll, vaults_room_corners,
          hangedman_vaults_trim, nicolae_trove_entry_columns, serial_shops, shop
Lab:      labyrinth_hidden_loot, nicolae_lab_checkerboard, nicolae_lab_arrow
Volcano:  volcano_village

Skill      XL: |  1  2  3  4  5  6  7  8  9 10 11 12 13 14 15 16 17 18 19 |
---------------+----------------------------------------------------------+-----
Fighting       | 4 5 6 7 9 11 13 | 13.6
Maces & Flails | 4 5 6 7 9 10 12 13 15 16 | 16.0
Dodging        | 3 4 5 6 8 9 10 11 12 | 12.1
Shields        | 1 2 3 4 5 6 7 11 13 15 16 | 16.2
Throwing       | 4 7 10 13 15 16 17 18 | 18.2

Action                   |  1- 3 |  4- 6 |  7- 9 | 10-12 | 13-15 | 16-18 | 19-21 || total
-------------------------+-------+-------+-------+-------+-------+-------+-------++-------
Melee: Mace              |   137 |   169 |       |       |       |       |       ||   306
       Flail             |       |    28 |   103 |       |       |       |       ||   131
       Whip              |       |       |   271 |    75 |       |       |       ||   346
       Morningstar       |       |       |       |   226 |   166 |       |       ||   392
       Eveningstar       |       |       |       |   553 |  1236 |  1564 |   155 ||  3508
Throw: Javelin           |       |       |       |     9 |    63 |   193 |    38 ||   303
       Tomahawk          |       |       |       |       |    29 |    52 |     6 ||    87
Invok: Berserk           |       |     2 |     8 |    13 |     9 |    10 |       ||    42
       Trog's Hand       |       |     2 |     7 |     6 |     5 |    19 |       ||    39
       Brothers in Arms  |       |       |     2 |     1 |     3 |     4 |       ||    10
       Burn Spellbooks   |       |       |       |     3 |     3 |     3 |       ||     9
Evoke: Wand              |       |       |       |     5 |     3 |     2 |       ||    10
  Use: Potion            |       |       |     2 |     3 |     1 |     9 |       ||    15
       Scroll            |       |       |       |    25 |    19 |    11 |     2 ||    57
 Stab: Sleeping          |     1 |     1 |     1 |     5 |     2 |     3 |     1 ||    14
       Distracted        |       |       |       |       |     1 |     1 |       ||     2
       Petrifying        |       |       |       |       |     1 |       |       ||     1
       Petrified         |       |       |       |       |     1 |       |       ||     1
       Invisible         |       |       |       |       |       |    19 |       ||    19
  Eat: Meat ration       |     1 |       |       |     2 |     5 |     3 |       ||    11
       Chunk             |       |     8 |     5 |    18 |     7 |    11 |     2 ||    51
       Bread ration      |       |       |     3 |     3 |     4 |     2 |       ||    12
       Fruit             |       |       |     3 |       |       |    26 |     2 ||    31
       Royal jelly       |       |       |       |     1 |     2 |     4 |       ||     7
       Pizza             |       |       |       |       |       |       |     1 ||     1
